 Dungeon Crawl Stone Soup version 0.31-a0-256-g80acddb972 (webtiles) character file.

Game seed: 6240326384724180914

74 qw the Shooter (level 4, 0/27 HPs)
             Began as a Gargoyle Hexslinger on July 12, 2023.
             Killed from afar by Natasha (9 damage)
             ... with a magic dart
             ... on level 1 of the Dungeon.
             The game lasted 00:00:28 (1209 turns).

qw the Shooter (Gargoyle Hexslinger)                Turns: 1209, Time: 00:00:28

Health: 0/27       AC:  0    Str: 12    XL:     4   Next: 30%
Magic:  5/5        EV: 14    Int: 13    God:
Gold:   51         SH:  0    Dex: 14    Spells: 4/5 levels left

rFire   . . .        Y - melded +2 sling
rCold   . . .        (shield currently unavailable)
rNeg    + . .        h - melded +0 ring mail
rPois   inf          (helmet currently unavailable)
rElec   .            (cloak currently unavailable)
rCorr   .            j - melded +0 pair of gloves
SInv    .            (boots currently unavailable)
Will    .....        (no amulet)
Stlth   +            m - melded +4 ring of slaying {mikee}
HPRegen 0.24/turn    (ring currently unavailable)
MPRegen 0.09/turn

%: no passive effects
@: pig-form, slowed
A: fast, no casting, sickness immunity, AC +3, small, negative energy resistance
1, (electricity resistance), torment resistance 1, petrification resistance
a: no special abilities


You were on level 1 of the Dungeon.
You were a filthy swine.
You visited 1 branch of the dungeon, and saw 2 of its levels.

You collected 84 gold pieces.
You spent 33 gold pieces at shops.


Innate Abilities, Weirdness & Mutations

You are a filthy swine.
You move quickly.
Your equipment is almost entirely melded.
You are incapable of wielding weapons or throwing items.
You cannot cast spells.
You are immune to sickness and miasma.
((Your stone body is resilient. (AC +3)))
You are immune to poison.
You resist negative energy. (rN+)
((You are resistant to electric shocks. (rElec)))
You are resistant to unholy torment.
You are immune to petrification.


   Skills:
 - Level 2.6 Fighting
 - Level 3.7 Ranged Weapons
 + Level 0.2 Armour
 - Level 1.5 Dodging
 - Level 1.0 Spellcasting
 - Level 2.6 Hexes


You had 4 spell levels left.
You knew the following spells:

 Your Spells              Type           Power      Damage    Failure   Level
a - Slow                  Hex            28%        N/A       10%         1

Your spell library contained the following spells:

 Spells                   Type           Power      Damage    Failure   Level
 Inner Flame              Hex/Fire       4%         N/A       43%         3
 Portal Projectile        Hex/Tloc       8%         N/A       43%         3
 Cause Fear               Hex            3%         N/A       67%         4

Inventory:

Hand Weapons
 Y - a +2 sling (melded)
Armour
 h - a +0 ring mail (melded)
 j - a +0 pair of gloves (melded)
Jewellery
 m - a +4 ring of slaying (melded) {mikee}
Scrolls
 a - a scroll of identify
 c - 2 scrolls of amnesia {unknown}
 d - a scroll of noise {unknown}
 e - a scroll of revelation {unknown}
 f - a scroll of fog {unknown}
Potions
 b - a potion of heal wounds
 g - a potion of lignification {unknown}
 i - 2 potions of curing
 k - a potion of haste {unknown}
 l - a potion of degeneration {unknown}

Dungeon Overview and Level Annotations

Branches:
Dungeon (2/15)

Altars:

Shops:
D:2 !([

Annotations:
D:1 Natasha


Message History

Natasha is nearby!
You shoot a sling bullet. The sling bullet barely misses Natasha.
Natasha casts a spell at you. You resist with some effort.
You shoot a sling bullet. The sling bullet hits Natasha.
Natasha is moderately wounded.
You shoot a sling bullet. The sling bullet hits Natasha.
Natasha is moderately wounded.
Natasha wildly gestures.
Natasha shimmers violently.
Natasha zaps a wand.
You turn into a filthy swine.
Your +2 sling melds into your body.
Your +0 pair of gloves melds into your body.
Your +0 ring mail melds into your body.
Your +4 ring of slaying {mikee} melds into your body.
1200 ||| FLEEEEING.
1201 ||| FLEEEEING.
Natasha stares at you and mumbles some strange words.
You feel yourself slow down.
1202 ||| FLEEEEING.
1203 ||| FLEEEEING.
Natasha attacks as you move away! Natasha claws you. Natasha barely misses you.
1204 ||| FLEEEEING.
Natasha attacks as you move away! Natasha misses you.
1205 ||| FLEEEEING.
1206 ||| FLEEEEING.
Natasha attacks as you move away! Natasha closely misses you.
Natasha mumbles some strange words.
Natasha glows brightly for a moment.
Natasha claws you.
There is a stone staircase leading up here.
1207 ||| STAIRDANCE Natasha claws you!
You climb upwards.
There is a stone staircase leading down here.
1209 ||| FLEEEEING.
Natasha wildly gestures.
Natasha glows brightly for a moment.
Natasha stares at you and mumbles some strange words.
The magic dart hits you!
You die...

......# #.#####.# ......# #.# #.#
..?...# #.# #.# ......# #.#
#.##### ......# #.# #.....#
......# #.# #.....#
......##########.#####...########
.................................
####.....#######h#######.########
...'.....+.......>h..#........#
####)....########.##.#.##...#.#
#..........#.............#.###
#..........#.#.##.#.#....#....
######........#.#.##.#.####.#####
....##........#.#.##.#......#
###.###########.#.##.############
#.#........##.#.##.#........(..


You could see Natasha.

Vanquished Creatures
  An iguana (D:2)
  Natasha (D:2)
  An adder (D:2)
  A ball python (D:1)
  An endoplasm (D:1)
  A giant cockroach (D:1)
  2 goblins
  A hobgoblin (D:1)
  3 bats
  3 frilled lizards (D:1)
  2 kobolds
  2 rats (D:2)
19 creatures vanquished.

Notes
Turn   | Place    | Note
-------+----------+-------------------------------------------
     0 | D:1      | qw the Gargoyle Hexslinger began the quest for the Orb.
     0 | D:1      | Reached XP level 1. HP: 12/12 MP: 2/2
     0 | D:1      | 0 ||| qw: Version: 0.3-a-52-g30416fa
     0 | D:1      | 0 ||| qw: Game counter: 6764
     0 | D:1      | 0 ||| qw: Melee chars always use a shield: true
     0 | D:1      | 0 ||| qw: God list: Okawaru
     0 | D:1      | 0 ||| qw: Allow faded altars: false
     0 | D:1      | 0 ||| qw: Do Orc after clearing Dungeon:15 true
     0 | D:1      | 0 ||| qw: Do second Lair branch before Depths: true
     0 | D:1      | 0 ||| qw: Lair rune preference: random
     0 | D:1      | 0 ||| qw: Goals: Normal
     0 | D:1      | 0 ||| PLANNING D:1-11
   388 | D:1      | Reached XP level 2. HP: 16/16 MP: 3/3
   618 | D:1      | 618 ||| UPGRADING to +0 ring mail.
   628 | D:1      | 628 ||| DROPPING +0 robe.
   629 | D:1      | 629 ||| UPGRADING to +0 pair of gloves.
   634 | D:1      | 634 ||| UPGRADING to +4 ring of slaying {mikee}.
   635 | D:1      | 635 ||| READING 2 scrolls labelled MOVVIE ZOALL.
   636 | D:1      | 636 ||| READING scroll labelled XAGAK DOLAMI.
   637 | D:1      | 637 ||| READING scroll labelled HORASCHI CAYMP.
   638 | D:1      | 638 ||| DROPPING scroll of poison.
   670 | D:2      | Found Kiczaorgh's Antique Weapon Emporium.
   672 | D:2      | Found Cemmuod's Distillery.
   682 | D:2      | Noticed Natasha
   684 | D:2      | 684 ||| FLEEEEING.
   685 | D:2      | 685 ||| FLEEEEING.
   686 | D:2      | 686 ||| FLEEEEING.
   687 | D:2      | 687 ||| FLEEEEING.
   687 | D:2      | Found Momaheb's Antique Armour Boutique.
   688 | D:2      | 688 ||| FLEEEEING.
   689 | D:2      | 689 ||| FLEEEEING.
   690 | D:2      | 690 ||| FLEEEEING.
   691 | D:2      | 691 ||| FLEEEEING.
   692 | D:2      | 692 ||| FLEEEEING.
   695 | D:2      | 695 ||| STAIRDANCE
   797 | D:1      | 797 ||| READING 2 scrolls of identify.
   797 | D:1      | 797 ||| IDENTIFYING red potion
   801 | D:2      | 801 ||| STAIRDANCE
   906 | D:2      | 906 ||| STAIRDANCE
   918 | D:2      | Killed Natasha
   919 | D:2      | Reached skill level 3 in Ranged Weapons
   919 | D:2      | Reached XP level 3. HP: 20/20 MP: 4/4
   939 | D:2      | 939 ||| SHOPLISTING 2 potions of enlightenment (110 gold,
                  | have 65).
   939 | D:2      | 939 ||| BUYING potion of curing (33 gold).
   939 | D:2      | Bought a potion of curing for 33 gold pieces
   939 | D:2      | 939 ||| SHOPLISTING potion of enlightenment (55 gold, have
                  | 32).
   939 | D:2      | 939 ||| SHOPLISTING potion of haste (110 gold, have 32).
   939 | D:2      | 939 ||| SHOPLISTING potion of mutation (88 gold, have 32).
   939 | D:2      | 939 ||| SHOPLISTING potion of resistance (110 gold, have
                  | 32).
  1019 | D:2      | Reached XP level 4. HP: 18/27 MP: 5/5
  1194 | D:2      | Noticed Natasha
  1200 | D:2      | 1200 ||| FLEEEEING.
  1201 | D:2      | 1201 ||| FLEEEEING.
  1202 | D:2      | 1202 ||| FLEEEEING.
  1203 | D:2      | 1203 ||| FLEEEEING.
  1204 | D:2      | 1204 ||| FLEEEEING.
  1205 | D:2      | 1205 ||| FLEEEEING.
  1206 | D:2      | 1206 ||| FLEEEEING.
  1207 | D:2      | 1207 ||| STAIRDANCE
  1209 | D:1      | 1209 ||| FLEEEEING.
  1209 | D:1      | Killed from afar by Natasha

Levels and vault maps discovered:
D:1:      minmay_arrival_arboretum_small, layout_basic, minmay_misc_feat_plants
D:2:      layout_basic, serial_shops, shop, shop, shop, minmay_pentomino_r2,
          uniq_natasha

Skill      XL: |  1  2  3 |
---------------+----------+-----
Ranged Weapons | 3 |  3.7
Fighting       | 2 |  2.6
Armour         | |  0.2
Dodging        | |  1.5
Spellcasting   | |  1.0
Hexes          | |  2.6

Action                     |  1- 3 |  4- 6 || total
---------------------------+-------+-------++-------
   Fire: Sling             |    45 |     9 ||    54
    Use: Scroll            |     4 |       ||     4
 Armour: Robe              |     3 |       ||     3
         Ring mail         |     2 |       ||     2
  Dodge: Dodged            |     7 |     4 ||    11

Table legend:
 A = Non-vault XP
 B = Vault XP
 C = Vault XP percentage of total XP
 D = Non-vault monster count
 E = Vault monster count
 F = Vault count percentage of total count
                 A         B        C        D         E       F
            +---------+---------+-------+---------+---------+-------
      Total |      57 |      50 |  46.7 |      16 |       3 |  15.8
            +---------+---------+-------+---------+---------+-------
        D:1 |      15 |       0 |   0.0 |      10 |       0 |   0.0
        D:2 |      42 |      50 |  54.3 |       6 |       3 |  33.3
            +---------+---------+-------+---------+---------+-------
